 Dungeon Crawl Stone Soup version 0.15-a0-2036-g5428f20 (webtiles) character file.

95 N00bl0rd the Skirmisher (level 4, -2/49 HPs)
             Began as an Ogre Fighter on July 13, 2014.
             Slain by an orc priest
             ... wielding a +0 dagger
              (4 damage)
             ... on Level 3 of the Dungeon.
             The game lasted 00:04:34 (2078 turns).

N00bl0rd the Skirmisher (Ogre Fighter)              Turns: 2078, Time: 00:04:34

HP  -2/49        AC  3     Str 22      XL: 4   Next: 65%
MP   4/4         EV  8     Int  7      God:
Gold 87          SH  8     Dex  9      Spells:  0 memorised,  3 levels left

rFire  . . .     SeeInvis .     a - +0 flail
rCold  . . .     Clarity  .     b - +0 robe
rNeg   . . .     rCorr    .     c - +0 shield
rPois  .         rRot     .     (helmet restricted)
rElec  .         Spirit   .     (no cloak)
SustAb .         Warding  .     (gloves unavailable)
rMut   .         Stasis   .     (boots unavailable)
Gourm  .                        (no amulet)
MR     .....                    (no ring)
                                (no ring)

@: not resistant to hostile enchantments, very unstealthy
A: unfitting armour, tough skin 1
a: no special abilities


You were on level 3 of the Dungeon.
You were hungry.

You visited 1 branch of the dungeon, and saw 3 of its levels.

You collected 87 gold pieces.

Inventory:

Hand weapons
 a - a +0 flail (weapon)
Armour
 b - a +0 robe (worn)
 c - a +0 shield (worn)
Comestibles
 d - a meat ration
 f - 3 fruits
 m - 2 slices of pizza
 u - a bread ration
 x - a rotting chunk of worm flesh
 z - a royal jelly
Scrolls
 g - 2 scrolls of fear {unknown}
 j - a scroll of blinking {unknown}
 l - a scroll of noise {unknown}
 o - 2 scrolls of identify {unknown}
 r - 3 scrolls of immolation {unknown}
 t - a scroll of enchant armour {unknown}
 v - a scroll of teleportation {unknown}
 y - a scroll of remove curse
Potions
 e - a potion of might
 h - a potion of brilliance {unknown}
 i - 2 potions of haste {unknown}
 k - a potion of heal wounds {unknown}
 n - a potion of agility
 q - a potion of curing {unknown}
Books
 p - a book of Battle

   Spells                             Type                      Level
   Infusion                           Charms                       1
   Shroud of Golubria                 Charms/Translocation         2
   Song of Slaying                    Charms                       2
   Spectral Weapon                    Hexes/Charms                 3
   Regeneration                       Charms/Necromancy            3


   Skills:
 + Level 4.5 Fighting
 * Level 3.7 Maces & Flails
 + Level 1.0 Armour
 * Level 3.5 Dodging
 + Level 3.0 Shields


You had 3 spell levels left.
You didn't know any spells.

Dungeon Overview and Level Annotations

Branches:
Dungeon (3/15)

Altars:
Fedhas


Innate Abilities, Weirdness & Mutations

You are too large for most types of armour.
You have tough skin (AC +1).


Message History

The orc priest barely misses you. The orc priest hits you with a dagger.
* * * LOW HITPOINT WARNING * * *
You barely miss the orc priest.
The orc priest is almost dead.
The orc priest calls down the wrath of Beogh upon you.
Pain shoots through your body!
* * * LOW HITPOINT WARNING * * *
Drink which item? (? for menu, Esc to quit)
Okay, then.
Drink which item? (? for menu, Esc to quit)
Okay, then.
You are now empty-handed.
Wield which item (- for none, * to show all)? (? for menu, Esc to quit)
a - a +0 flail (weapon)
The orc priest utters an invocation to Beogh.
You feel a wave of unholy energy pass over you.
Your shield prevents you from hitting the orc priest.
The orc priest is almost dead.
The orc priest hits you with a dagger.
You die...

#####
#.#
.....
#.#
##.##
#.#
#.#
#.#
#.#
#.#
#.#
#@#
#o#
#o.
..#?
.....
#...
##
#...
?....
...


You could see an orc priest and an orc.

Vanquished Creatures
  A gnoll (D:1)
  2 adders (D:2)
  3 worms
  4 giant geckos
  3 oozes
  2 orcs (D:3)
  2 goblins
  6 hobgoblins
  2 jackals (D:3)
  4 bats (D:2)
  A giant cockroach (D:3)
  3 giant newts (D:1)
  4 kobolds
  5 rats
42 creatures vanquished.

Notes
Turn   | Place    | Note
--------------------------------------------------------------
     0 | D:1      | N00bl0rd, the Ogre Fighter, began the quest for the Orb.
     0 | D:1      | Reached XP level 1. HP: 24/24 MP: 1/1
    22 | D:1      | HP: 1/24 [gnoll/club (5)]
    23 | D:1      | Reached XP level 2. HP: 1/32 MP: 2/2
   797 | D:1      | Reached XP level 3. HP: 30/39 MP: 3/3
  1205 | D:2      | Reached XP level 4. HP: 28/49 MP: 4/4
  1906 | D:2      | Reached skill level 1 in Armour
  1936 | D:3      | Found a blossoming altar of Fedhas.
  2074 | D:3      | HP: 2/49 [orc priest/dagger (2)]
  2078 | D:3      | Slain by an orc priest

Action                   |  1- 3 |  4- 6 || total
-------------------------+-------+-------++-------
Melee: Flail             |   106 |    56 ||   162
  Use: Scroll            |     1 |       ||     1
  Eat: Chunk             |     1 |     2 ||     3
